 Dungeon Crawl Stone Soup version 0.31.0-11-ge490571c62 (webtiles) character file.

Game seed: 11238671220509977506

93 Persephone the Shield-Bearer (level 4, -5/28 HPs)
             Began as a Gargoyle Fighter on Feb 2, 2024.
             Incinerated by a bombardier beetle (7 damage)
             ... with a burning spray
             ... on level 3 of the Dungeon.
             The game lasted 00:03:28 (1805 turns).

Persephone the Shield-Bearer (Gargoyle Fighter)     Turns: 1805, Time: 00:03:29

Health: -5/28      AC: 15    Str: 21    XL:     4   Next: 61%
Magic:  4/4        EV:  5    Int:  9    God:
Gold:   79         SH:  4    Dex:  9    Spells: 3/3 levels left

rFire   . . .        a - +0 war axe
rCold   . . .        c - +0 buckler
rNeg    + . .        i - +0 plate armour
rPois   ∞            (no helmet)
rElec   +            (no cloak)
rCorr   .            (no gloves)
SInv    .            (no boots)
Will    .....        (no amulet) Stlth
                     (no ring)
HPRegen 0.24/turn    (no ring)
MPRegen 0.09/turn

%: no passive effects
@: on fire, glowing
A: sickness immunity, AC +3, negative energy resistance 1, electricity
resistance, torment resistance 1, petrification resistance
a: no special abilities


You were on level 3 of the Dungeon.
You visited 1 branch of the dungeon, and saw 3 of its levels.

You collected 79 gold pieces.

Inventory:

Hand Weapons
 a - a +0 war axe (weapon)
Armour
 b - a +0 scale mail
 c - a +0 buckler (worn)
 i - a +0 plate armour (worn)
Jewellery
 g - a +6 ring of dexterity
Scrolls
 f - 2 scrolls of identify
 j - a scroll of teleportation {unknown}
 k - a scroll of noise {unknown}
 l - a scroll of immolation {unknown}
 m - a scroll of blinking {unknown}
 n - a scroll of torment {unknown}
 o - a scroll of enchant weapon {unknown}
Potions
 d - 2 potions of might
 e - a potion of attraction
 h - a potion of degeneration


   Skills:
 - Level 3.2 Fighting
 * Level 3.6 Axes
 - Level 3.2 Armour
 + Level 4.2 Shields


You had 3 spell levels left.
You didn't know any spells.
Your spell library was empty.

Dungeon Overview and Level Annotations

Branches:
Dungeon (3/15)

Altars:


Innate Abilities, Weirdness & Mutations

You are immune to sickness and miasma.
Your stone body is resilient. (AC +3)
You are immune to poison.
You resist negative energy. (rN+)
You are resistant to electric shocks. (rElec)
You are resistant to unholy torment.
You are immune to petrification.


Message History

You hit the ball python.
You kill the ball python!
You see here a ball python corpse.
o - a scroll labelled DEQYR FINUTUM A bombardier beetle comes into view.
The bombardier beetle sprays incendiary fluid at you.
The burning spray hits you.
You are covered in liquid fire!
You completely miss the bombardier beetle.
The liquid fire burns you!
The bombardier beetle sprays incendiary fluid at you.
The burning spray misses you.
You slash the bombardier beetle!
The bombardier beetle is severely wounded.
The liquid fire burns you!
The bombardier beetle sprays incendiary fluid at you.
The burning spray hits you.
You are even more covered in liquid fire!
Lua - Auto Kill stopped.
Not in fighting shape.
You barely miss the bombardier beetle.
The bombardier beetle is severely wounded.
The liquid fire burns you!
You shake off some of the fire as you move.
The liquid fire burns you!
* * * LOW HITPOINT WARNING * * *
The bombardier beetle bites you.
* * * LOW HITPOINT WARNING * * *
You are on fire!
You completely miss the bombardier beetle.
The bombardier beetle is severely wounded.
The liquid fire burns you!
* * * LOW HITPOINT WARNING * * *
The bombardier beetle sprays incendiary fluid at you.
The burning spray hits you.
You are even more covered in liquid fire!
Okay, then.
You hit the bombardier beetle but do no damage.
The bombardier beetle is severely wounded.
The liquid fire burns you!
You die...

...# ...# ...... ####
...... #######.......
#............. ##.....
#....?........ #.......
#............. ###.......
#...B........ .........
#...@........
#.....##.##.......####.
#....<##..#.......##
#.....###..##......##
##†....#.#.#.#.......#
##.#.....#.#.#.......#.#
..#.#'#.#.#.#†#...#.#.#.#
##.#.#.#.#.#.#.....#.#.#.#
##.#.#>#.#.#.#.#.#.#.#.#.#


You could see a bombardier beetle.

Vanquished Creatures
  4 adders
  3 dart slugs
  A ribbon worm (D:2)
  6 endoplasms
  A giant cockroach (D:2)
  4 goblins
  3 hobgoblins
  3 quokkas
  4 ball pythons
  7 bats
  3 frilled lizards (D:1)
  5 kobolds
  6 rats
50 creatures vanquished.

Notes
Turn   | Place    | Note
-------+----------+-------------------------------------------
     0 | D:1      | Persephone the Gargoyle Fighter began the quest for the
                  | Orb.
     0 | D:1      | Reached XP level 1. HP: 14/14 MP: 1/1
   149 | D:1      | Reached XP level 2. HP: 19/19 MP: 2/2
   542 | D:1      | Reached XP level 3. HP: 23/23 MP: 3/3
  1179 | D:2      | Reached skill level 4 in Shields
  1269 | D:2      | Reached XP level 4. HP: 28/28 MP: 4/4
  1804 | D:3      | HP: 1/28 [burnt (5)]
  1805 | D:3      | Incinerated by a bombardier beetle

Illustrated notes

Levels and vault maps discovered:
D:1:      sevenhm_arrival_forest_fort_large_2, layout_loops_ring
D:2:      layout_basic
D:3:      layout_basic, mainiacjoe_overflow_chevrons,
          kennysheep_okawaru_gauntlet, serial_shops,
          nicolae_shop_just_a_little_nook, dreamdust_ecumenical_altar_statues

Skill      XL: |  1  2  3 |
---------------+----------+-----
Axes           | 2 3 |  3.6
Shields        | 4 |  4.2
Fighting       | |  3.2
Armour         | |  3.2

Action                     |  1- 3 |  4- 6 || total
---------------------------+-------+-------++-------
  Melee: War axe           |   100 |    47 ||   147
    Use: Scroll            |     2 |       ||     2
 Armour: Scale mail        |    38 |       ||    38
         Plate armour      |    41 |    32 ||    73
  Dodge: Dodged            |    31 |    11 ||    42
  Block: Buckler           |    18 |     9 ||    27
